[Event "93rd German Championship 2022"]
[Site "Magdeburg"]
[Date "2022.08.19"]
[Round "8.15"]
[White "Dobrikov, Marco"]
[Black "Colpe, Malte"]
[Result "1/2-1/2"]
[ECO "B90"]
[WhiteElo "2223"]
[BlackElo "2369"]
[Annotator "TA"]
[PlyCount "83"]
[EventDate "2022.08.14"]
[EventType "swiss"]
[EventCountry "GER"]
[SourceTitle "playchess.com"]
[Source "ChessBase"]
[SourceQuality "1"]
[TimeControl "40/5400+30:1800+30"]

1. e4 c5 2. Nf3 d6 3. d4 cxd4 4. Nxd4 Nf6 5. Nc3 a6 6. Be3 e5 7. Nb3 Be7 8. f3 h5 9. Qd2 Be6 10. Nd5 Nxd5 11. exd5 Bf5 {[%emt 0:00:10] B90: Sicilian Najdorf: Unusual White 6th moves, 6 Be3 Ng4 and 6 Be3 e5.} 12. Bd3 Bxd3 13. Qxd3 Bh4+ (13... Nd7 $11) 14. g3 $14 Bf6 15. O-O-O Nd7 16. Kb1 {[%emt 0:00:22] [#] White is more active.} Qc7 $146 ({Predecessor:} 16... b5 17. g4 a5 18. Nd2 hxg4 19. fxg4 Rh3 20. Ne4 Be7 21. Rdf1 Nf6 22. Ng5 Rh8 23. Qxb5+ {½-½ (53) Visakh,N (2516)-Shevtchenko,O (2054) Chess.com INT 2021}) 17. Nd2 b5 18. Ne4 Be7 19. h4 Rc8 20. Rh2 Nf6 21. Bg5 Nxe4 22. fxe4 Qd7 23. Bxe7 Kxe7 24. Rf1 (24. Qe3 $11) 24... Qg4 $1 $15 25. Rhf2 f6 26. a4 (26. Re1 $15) 26... Rc4 $17 27. axb5 axb5 28. b3 Rxe4 29. Qxb5 Rc8 30. Rf5 (30. Qb7+ $17 Qd7 31. Qxd7+ Kxd7 32. Kb2) 30... Rb4 ({And not} 30... Re1+ 31. Rxe1 Qxf5 32. Qb7+ Kf8 33. Rc1 $15) 31. Qa6 Rc7 {[%emt 0:03:47] Strongly threatening ...Qe4.} 32. R5f3 {[%emt 0:04:14] [#]} Qd4 (32... Rd4 $1 $19 {[%cal Rd4d2] Hoping for ...Rd2.} 33. Rd3 Qe2) 33. Qd3 {[%emt 0:01:25] Against Rd2} Ra7 (33... Qxd3 $17 34. Rxd3 e4) 34. Qxd4 $15 Rxd4 {[%emt 0:00:05][%mdl 4096] Endgame KRR-KRR} 35. c4 Rd2 {[%emt 0:00:18] ...Raa2 is the strong threat.} 36. R1f2 Raa2 (36... Rd1+ $1 $15 37. Kb2 Kf7) 37. Rxd2 $11 {[%emt 0:00:05] The position is equal.} Rxd2 38. Kc1 Rd4 39. Kc2 g6 40. Kc3 f5 41. b4 Rd1 42. Rd3 {[%emt 0:00:00] Weighted Error Value: White=0.16 (very precise) /Black=0.17 (very precise)} 1/2-1/2

[Event "93rd German Championship 2022"]
[Site "Magdeburg"]
[Date "2022.08.19"]
[Round "8.16"]
[White "Farokhi, Keyvan"]
[Black "Tschernatsch, Johannes"]
[Result "1-0"]
[ECO "B33"]
[WhiteElo "2332"]
[BlackElo "2296"]
[Annotator "TA"]
[PlyCount "109"]
[EventDate "2022.08.14"]
[EventType "swiss"]
[EventCountry "GER"]
[SourceTitle "playchess.com"]
[Source "ChessBase"]
[SourceQuality "1"]
[TimeControl "40/5400+30:1800+30"]

1. e4 c5 2. Nf3 Nc6 3. d4 cxd4 4. Nxd4 Nf6 5. Nc3 e5 6. Ndb5 d6 7. Bg5 a6 8. Na3 b5 9. Bxf6 gxf6 10. Nd5 Bg7 11. Bd3 Ne7 12. Nxe7 Qxe7 13. O-O O-O 14. c4 f5 15. Qf3 ({Of course not} 15. exf5 e4 16. f6 Bxf6 $17) 15... d5 {[%emt 0:00:44] B33: Sicilian: Pelikan and Sveshnikov Variations.} 16. cxd5 fxe4 17. Bxe4 {[%emt 0:02:31][%cal Od5d6] [#] Threatens to win with d6!} Rb8 {[%emt 0:00:18] White is slightly better.} 18. Rad1 Qg5 19. d6 {[%emt 0:08:31] Black must now prevent d7.} Bg4 20. Qg3 {[%emt 0:00:10] [#] h3 is the strong threat.} h6 $146 {[%emt 0:01:38] [#]} ({Predecessor:} 20... Qf4 21. f3 Be6 22. Nc2 Qxg3 23. hxg3 Rfd8 24. Nb4 f5 25. Bb1 Rb6 26. Nd5 Rbxd6 {½-½ (38) Jonasson,J (2410)-Kopeikin,V (2416) ICCF email 2012}) 21. f3 $1 Bd7 22. Qxg5 (22. Qf2 $16) 22... hxg5 $14 23. g4 Rfd8 24. Rd2 Bf8 25. Rfd1 Be6 26. Nc2 Rb6 27. d7 Bxa2 28. Bd5 b4 $2 29. Bxa2 $16 {[%emt 0:08:53] White is more active.} b3 30. Bxb3 Rxb3 $11 31. Kg2 f6 32. Na3 Bxa3 33. bxa3 Rxa3 {[%emt 0:02:06][%mdl 4096] Endgame KRR-KRR} 34. Rc1 {[%emt 0:00:29] White wants to mate with Rc8.} Kf7 35. Rc8 Ke7 36. Rxd8 Kxd8 {[%emt 0:00:06] KR-KR} 37. Rd6 a5 (37... e4 {feels hotter.} 38. fxe4 a5 39. Rxf6 a4) 38. Rxf6 {[%emt 0:00:48] And now Re6 would win.} Kxd7 (38... e4 {is interesting.} 39. fxe4 a4 40. Rg6 Ra2+) 39. Rf5 Kd6 {[%emt 0:18:28][%mdl 8192] Black cannot hold the game after this.} (39... Ra2+ $14 40. Kg3 e4) 40. Rxg5 $18 a4 41. h4 Rb3 $2 (41... Ra2+ 42. Kg3 Ra3) 42. h5 a3 43. Rg6+ Kc5 (43... Kd5 $142 44. Ra6 e4 45. Ra5+ Ke6 46. fxe4 Kf7) 44. Ra6 Rb2+ 45. Kg3 Rb3 46. h6 (46. g5 $142 Rb1 47. Rxa3) 46... e4 47. h7 {[%emt 0:00:15] White mates.} Rxf3+ 48. Kg2 Rf8 49. g5 e3 50. Rxa3 Kd4 51. g6 e2 52. Ra1 Ke3 53. g7 Rf2+ 54. Kg1 e1=N 55. Rxe1+ {[%emt 0:00:11] Weighted Error Value: White=0.09 (flawless) /Black=0.45} 1-0

[Event "93rd German Championship 2022"]
[Site "Magdeburg"]
[Date "2022.08.19"]
[Round "8.17"]
[White "Westphal, Wolfgang"]
[Black "Hourigan, Gerrit"]
[Result "0-1"]
[ECO "B51"]
[WhiteElo "2175"]
[BlackElo "2306"]
[Annotator "TA"]
[PlyCount "88"]
[EventDate "2022.08.14"]
[EventType "swiss"]
[EventCountry "GER"]
[SourceTitle "playchess.com"]
[Source "ChessBase"]
[SourceQuality "1"]
[TimeControl "40/5400+30:1800+30"]

1. e4 c5 2. Nf3 d6 3. Bb5+ Nd7 4. d4 cxd4 5. Qxd4 a6 6. Bxd7+ Bxd7 7. Nc3 e5 8. Qd3 h6 9. O-O Nf6 10. a4 Be7 {[%emt 0:02:38] B51: Sicilian: Moscow Variation (3 Bb5+) without 3...Bd7.} 11. a5 Rc8 12. Be3 Qc7 {[%emt 0:02:41] The position is equal.} 13. Nd2 O-O 14. Rfc1 Be6 {[%emt 0:16:14][%cal Bd7e6,Be6d5,Bd5e4][%mdl 32] [#]} 15. Nf1 $146 (15. Nd5 $1 $11 Nxd5 16. exd5) ({Predecessor:} 15. Nd5 Nxd5 16. exd5 Bd7 17. c4 f5 18. b4 Qd8 19. f4 Bf6 20. Rab1 Re8 21. Kh1 {0-1 (55) Popovic,D (2579)-Gopal,G (2550) Istanbul 2012}) 15... Qc6 $15 16. Bb6 d5 (16... Bc4 $5 17. Qf3 d5 $17) 17. exd5 Nxd5 18. Nxd5 Bxd5 19. Ne3 Be4 {[%emt 0:01:50] This bishop pair is nice.} 20. Qe2 Qg6 21. f3 Bc6 22. c4 Bg5 23. Rc3 Rfe8 24. Nd5 f5 25. Rd1 Kh7 26. Qc2 h5 27. Re1 h4 28. Re2 h3 29. Nc7 (29. Bc7 $11) 29... Rf8 30. Nd5 Rce8 ({But not} 30... Bxd5 31. cxd5 Rxc3 32. bxc3 $11) ({Better is} 30... hxg2 $1 $15 31. Rxg2 Qh6) 31. f4 (31. Bc7 $5 ) 31... exf4 {[%emt 0:01:54] [#] ...hxg2 is the strong threat.} (31... Bxf4 $5 32. Rxh3+ Bh6 $11) 32. Rxh3+ Kg8 33. Rf3 (33. Bc5 $11 Rxe2 34. Qxe2) 33... Re4 $1 34. Ref2 Rfe8 {[%emt 0:00:41] Strongly threatening ...Bh4.} 35. g3 {[%emt 0:01:38][%mdl 8192] [#] This costs White the game.} (35. Rf1 $17) 35... fxg3 $19 36. Rxg3 Qh5 37. Qd3 f4 38. Rgg2 Re1+ 39. Rf1 f3 ({Wrong is} 39... R8e2 $2 40. Rxe2 Rxe2 41. h3 $19) 40. Rgf2 Qg4+ 41. Kh1 Rxf1+ 42. Qxf1 Bh4 43. Ne3 Qg5 44. Rxf3 Rxe3 {[%emt 0:00:29] Weighted Error Value: White=0.96/Black=0.12 (very precise)} 0-1

[Event "93rd German Championship 2022"]
[Site "Magdeburg"]
[Date "2022.08.19"]
[Round "8.19"]
[White "Koehler, Christian Friedrich"]
[Black "Pahl, Erik"]
[Result "1-0"]
[ECO "A02"]
[WhiteElo "2285"]
[BlackElo "2203"]
[Annotator "NA RC"]
[PlyCount "73"]
[EventDate "2022.08.14"]
[EventType "swiss"]
[EventCountry "GER"]
[SourceTitle "playchess.com"]
[Source "ChessBase"]
[SourceQuality "1"]
[TimeControl "40/5400+30:1800+30"]

1. f4 c5 2. Nf3 d5 3. b3 Nc6 4. e3 a6 5. Bb2 Nf6 6. c4 d4 7. exd4 (7. Ne5 $11) 7... cxd4 8. Bd3 Bg4 9. h3 ({White should play} 9. O-O $15) 9... Bxf3 (9... Nb4 $17 10. Bf1 {[#]} d3 $1) 10. Qxf3 g6 11. Be4 (11. Na3 $11) 11... Nxe4 12. Qxe4 Bg7 13. O-O O-O 14. d3 Qd7 15. Nd2 f5 $15 16. Qe2 e5 17. fxe5 Bh6 18. Nf3 Be3+ 19. Kh1 f4 20. Ba3 Rf5 21. Bd6 Rh5 22. b4 Nd8 23. a4 b6 24. a5 Qb7 25. axb6 g5 26. Ng1 Rh4 27. Qf3 g4 28. Qxb7 Nxb7 29. c5 Kf7 30. e6+ Kxe6 31. Bxf4 gxh3 32. Nxh3 Kd5 33. Bg3 Rh6 34. Rf7 Rg8 35. Rxb7 Rxg3 36. Rd7+ Kc6 37. Rc7+ 1-0

[Event "93rd German Championship 2022"]
[Site "Magdeburg"]
[Date "2022.08.19"]
[Round "8.20"]
[White "Becker, Stefan"]
[Black "Stricker, Florian"]
[Result "1/2-1/2"]
[ECO "B08"]
[WhiteElo "2101"]
[BlackElo "2182"]
[Annotator "NA RC"]
[PlyCount "82"]
[EventDate "2022.08.14"]
[EventType "swiss"]
[EventCountry "GER"]
[SourceTitle "playchess.com"]
[Source "ChessBase"]
[SourceQuality "1"]
[TimeControl "40/5400+30:1800+30"]

1. e4 d6 2. d4 Nf6 3. Nc3 g6 4. Nf3 c6 5. a4 Bg7 6. Be2 O-O 7. O-O Qc7 8. Bf4 Bg4 9. h3 Bxf3 10. Bxf3 e5 11. Be3 Re8 12. g3 Na6 13. Bg2 Nb4 14. a5 Rad8 15. Ra4 Na6 16. dxe5 dxe5 17. Qc1 Qb8 18. f4 Nh5 19. Qe1 f5 20. Qf2 exf4 21. gxf4 fxe4 22. Bxa7 e3 23. Bxe3 Rf8 24. Bf3 Nf6 25. Raa1 Qc8 26. Kg2 Qf5 27. Be2 Ne4 28. Nxe4 Qxe4+ 29. Bf3 Qf5 30. c3 Nc7 31. Rad1 Rde8 32. Rfe1 Ne6 33. Bg4 Qxa5 34. Bb6 Qa2 35. Bxe6+ Rxe6 36. Rxe6 Qxe6 37. Bd4 Bh6 38. Be5 Qf5 39. Rd4 c5 40. Rd5 Bxf4 41. Qxf4 Qxf4 1/2-1/2

[Event "93rd German Championship 2022"]
[Site "Magdeburg"]
[Date "2022.08.19"]
[Round "8.21"]
[White "Keller, Peter"]
[Black "Eichstaedt, Mirko"]
[Result "1-0"]
[ECO "C84"]
[WhiteElo "2377"]
[BlackElo "2223"]
[Annotator "TA"]
[PlyCount "73"]
[EventDate "2022.08.14"]
[EventType "swiss"]
[EventCountry "GER"]
[SourceTitle "playchess.com"]
[Source "ChessBase"]
[SourceQuality "1"]
[TimeControl "40/5400+30:1800+30"]

1. e4 e5 2. Nf3 Nc6 3. Bb5 a6 4. Ba4 Nf6 5. O-O Be7 6. d3 b5 7. Bb3 d6 8. a3 {C84: Closed Ruy Lopez: Unusual White 6th moves.} Na5 9. Ba2 c5 10. Nc3 {The position is equal.} Be6 11. Nh4 O-O 12. Nf5 Bxf5 13. exf5 d5 14. Bg5 {[#]} d4 $146 ({Predecessor:} 14... c4) 15. Bxf6 Bxf6 16. Ne4 Rc8 17. Qf3 c4 18. b4 cxb3 $1 19. cxb3 b4 $1 20. Rfc1 Qb6 (20... bxa3 21. Rxc8 Qxc8 22. b4 $16) 21. a4 (21. axb4 $11 {remains equal.} Nc6 22. Nxf6+ gxf6 23. Bb1) 21... Rfd8 22. g4 h6 {[%cal Oc8c3] Against g5} 23. Qg3 $1 {[#]} Rc3 $1 24. h4 {Prevents Bg5. Threatens to win with g5.} Rdc8 (24... Nxb3 $2 25. Bxb3 Rxb3 26. g5 hxg5 27. hxg5 $18) 25. Rd1 Kh8 26. g5 Be7 27. Qxe5 Nc6 28. Qd5 Qa5 29. Qxa5 Nxa5 30. Nxc3 dxc3 31. Re1 Bd6 {[#] This move loses the game for Black.} (31... Nc6 $1 $11) 32. Re4 $1 $18 g6 (32... Kg8 {is a better defense.} 33. d4 Kf8) 33. f6 ({Don't do} 33. gxh6 $6 gxf5 34. Rd4 Rc6 $14) 33... hxg5 $2 (33... Kg8 34. Rae1 Rd8) 34. hxg5 {Black must now prevent Kg2.} Rc5 35. f4 Rf5 36. Re8+ Kh7 37. Kg2 {Weighted Error Value: White=0.10 (very precise) /Black=0.63} 1-0

[Event "93rd German Championship 2022"]
[Site "Magdeburg"]
[Date "2022.08.20"]
[Round "9.1"]
[White "Parvanyan, Ashot"]
[Black "Costa, Leonardo"]
[Result "0-1"]
[ECO "E67"]
[WhiteElo "2428"]
[BlackElo "2316"]
[Annotator "TA"]
[PlyCount "78"]
[EventDate "2022.08.14"]
[EventType "swiss"]
[EventCountry "GER"]
[SourceTitle "playchess.com"]
[Source "ChessBase"]
[SourceQuality "1"]
[TimeControl "40/5400+30:1800+30"]

1. Nf3 Nf6 2. c4 g6 3. g3 Bg7 4. Bg2 O-O 5. O-O d6 6. d4 Nbd7 7. Nc3 e5 8. h3 Re8 9. e4 exd4 10. Nxd4 a6 11. Be3 Rb8 12. a4 Nc5 13. Qc2 {[%emt 0:01:11] E68: King's Indian: Fianchetto: 6...Nbd7 7 0-0 e5 8 e4.} Qe7 14. Rfe1 {[%emt 0:00:57] [#]} Bd7 $146 (14... Ncxe4 $2 15. Bf4 $18 (15. Bg5 Nxg5 16. Rxe7 Rxe7 $11)) ({Predecessor:} 14... Nfxe4 15. Nxe4 Nxe4 16. Bxe4 Qxe4 17. Bd2 Qxe1+ 18. Rxe1 Rxe1+ 19. Bxe1 Bxd4 20. Qe4 Be5 {½-½ (42) Caruana,F (2770)-Berg,E (2587) Malmo 2012}) 15. Nb3 (15. f3 $14) 15... Nxb3 ({Don't take} 15... Ncxe4 16. Nxe4 Nxe4 17. Ba7 $16) 16. Qxb3 Bc6 17. a5 Nd7 (17... Nxe4 $2 18. Nxe4 Qd7 19. Nc3 $18) (17... Bxe4 $2 18. Ba7 $18) 18. Nd5 Bxd5 19. cxd5 c5 20. dxc6 bxc6 21. Qc4 Bxb2 22. Rab1 Nc5 23. Bxc5 dxc5 24. Qxa6 Bc3 25. Red1 Qf6 26. Qa7 (26. f4 $11 {might be stronger.}) 26... Rxb1 $15 27. Rxb1 Bd4 {[%emt 0:00:04] [#] White must now prevent ...c4.} 28. Rf1 c4 29. Qb7 c3 (29... Re7 {feels hotter.} 30. Qb8+ Kg7 31. a6 c3) 30. Kh2 (30. a6 $15) 30... h5 {[%emt 0:11:05] Black is more active.} (30... Qd6 $17 {Threatens to win with ...Rb8.} 31. a6 Rb8) 31. f4 ({White should play} 31. a6 $15 Re7 32. Qb8+ Kg7 33. f4) 31... h4 $19 32. e5 $2 {[%emt 0:00:29] Loses the game.} (32. Kh1 $17) 32... hxg3+ 33. Kxg3 (33. Kh1 $142 Qf5 34. a6) 33... Qf5 {[%emt 0:10:40] Strongly threatening ...c2.} 34. Bxc6 (34. Bf3 $142 c2 35. Qb3 (35. Qxc6 $2 Rc8 $19)) 34... Rxe5 $1 {[%emt 0:01:10][%mdl 64] [#] Pin} 35. Qb8+ Kg7 36. Qd8 Re3+ {[%emt 0:01:06] Black mates.} 37. Rf3 Bf6 38. Qc7 Re1 39. Bd7 Qb1 {[%emt 0:00:39] Weighted Error Value: White=0.72/Black=0.11 (very precise)} 0-1

[Event "93rd German Championship 2022"]
[Site "Magdeburg"]
[Date "2022.08.20"]
[Round "9.2"]
[White "Krassowizkij, Jaroslaw"]
[Black "Roseneck, Jonas"]
[Result "1/2-1/2"]
[ECO "E04"]
[WhiteElo "2428"]
[BlackElo "2384"]
[Annotator "TA"]
[PlyCount "81"]
[EventDate "2022.08.14"]
[EventType "swiss"]
[EventCountry "GER"]
[SourceTitle "playchess.com"]
[Source "ChessBase"]
[SourceQuality "1"]
[TimeControl "40/5400+30:1800+30"]

1. d4 Nf6 2. c4 e6 3. Nf3 d5 4. g3 dxc4 5. Bg2 c5 6. O-O Nc6 7. dxc5 Qxd1 8. Rxd1 Bxc5 9. Nbd2 c3 10. bxc3 O-O 11. Nb3 Be7 12. c4 Bd7 13. Bb2 {[%emt 0:00:07] E04: Open Catalan: 5 Nf3.} Rfc8 14. c5 Be8 15. Nfd2 {[%emt 0:00:11] The position is equal.} b6 16. cxb6 axb6 17. Nc4 Rab8 18. Nd6 Bxd6 19. Rxd6 Na5 20. Nxa5 bxa5 21. Be5 Rb4 {[%emt 0:00:03] [#]} 22. Rd3 $146 ({Predecessor:} 22. Rad1 h6 23. Bf3 Kh7 24. Rd8 Rxd8 25. Rxd8 Bb5 26. Ra8 Ra4 27. Bc3 Rxa2 28. Rxa5 Rxa5 29. Bxa5 {½-½ (44) Vidit,S (2723)-Praggnanandhaa,R (2619) chess24.com INT 2022}) 22... Rb5 23. f4 Nd5 24. e4 Nb4 25. Rd2 Rbc5 26. Rad1 Nc2 27. Kf2 f6 28. Bd6 Rc3 {[%emt 0:01:21] And now ...Ne3 would win.} 29. Rb1 Bc6 30. Rb2 Ne3 31. Bh3 Kf7 {[%emt 0:01:16] White must now prevent ...Nc4.} 32. Rb8 Rxb8 33. Bxb8 {[%emt 0:00:03] This bishop pair is nice.} Nc4 {[%emt 0:10:45] Prevents Rd6.} ({Reject} 33... Bxe4 34. Rd7+ Ke8 35. Rxg7 $11 (35. Bxe6 Nc4 $11)) 34. Re2 a4 35. Bf1 a3 36. Ba7 (36. e5 $142) 36... Rc1 37. Bc5 {[%emt 0:05:17] [#] Prevents Nd6.} (37. Bg2 $17 {was necessary.}) 37... Bb5 $1 $19 38. Bb4 {[%emt 0:01:25] [#]} Nb2 $2 ({Black should try} 38... Ra1 $1 $19 {Hoping for ...Nb6.} 39. Re1 Rxa2+ 40. Kf3 Rb2 41. Bxc4 Rxb4 42. Bxb5 Rxb5) 39. Re1 $11 Rc2+ 40. Kf3 (40. Ke3 $11 {remains equal.} Bxf1 41. Rxf1) 40... Bxf1 $17 41. Rxf1 {[%emt 0:02:50] Weighted Error Value: White=0.18 (very precise) /Black=0.10 (very precise)} 1/2-1/2

[Event "93rd German Championship 2022"]
[Site "Magdeburg"]
[Date "2022.08.20"]
[Round "9.3"]
[White "Wachinger, Nikolas"]
[Black "Vogel, Roven"]
[Result "1/2-1/2"]
[ECO "C88"]
[WhiteElo "2437"]
[BlackElo "2465"]
[Annotator "TA"]
[PlyCount "71"]
[EventDate "2022.08.14"]
[EventType "swiss"]
[EventCountry "GER"]
[SourceTitle "playchess.com"]
[Source "ChessBase"]
[SourceQuality "1"]
[TimeControl "40/5400+30:1800+30"]

1. e4 e5 2. Nf3 Nc6 3. Bb5 a6 4. Ba4 Nf6 5. O-O Be7 6. Re1 b5 7. Bb3 O-O 8. h3 Bb7 9. d3 d5 {[%emt 0:00:36] C88: Closed Ruy Lopez: Anti-Marshall Systems.} 10. exd5 Nxd5 11. Nbd2 {[%emt 0:00:08] 11.a4 is becoming the main line.} Nd4 {[%emt 0:19:01] The position is equal.} 12. a4 Nxb3 13. Nxb3 c5 14. axb5 axb5 15. Rxa8 Bxa8 {[%emt 0:02:04] A strong pair of Bishops.} 16. Nxe5 f6 {[%emt 0:03:01] [#]} 17. Nf3 $146 ({Predecessor:} 17. Ng4 Qd7 18. d4 c4 19. Nc5 Bxc5 20. dxc5 Qc6 21. Qf3 Qxc5 22. Nh6+ Kh8 23. Qg4 {½-½ (29) Navara,D (2691)-Wojtaszek,R (2691) Legnica 2021}) 17... Nb4 18. Bd2 Nc6 19. Bf4 Rf7 20. d4 {[%emt 0:04:31] White is more active.} c4 21. Nc5 {[%emt 0:01:06] Threatens to win with Ne6.} Nb4 22. c3 Bxc5 23. dxc5 Nd3 24. Re3 Qd5 {[%emt 0:08:02] [#]} 25. Bd6 {[%emt 0:01:47] White wants to mate with Re8+.} h6 26. b3 ({Resist} 26. Re8+ Kh7 $14) 26... Ra7 27. bxc4 (27. Qb1 $16 {Strongly threatening bxc4.} Kh7 28. Kh2) 27... bxc4 $11 28. Re8+ Kh7 29. Qe2 Bc6 30. Re7 Rxe7 31. Qxe7 Nb2 32. Qe2 Nd3 (32... Na4 $5 ) 33. Qe3 Nb2 34. Qe2 Nd3 35. Qe3 Nb2 36. Qe2 {[%emt 0:01:18] Weighted Error Value: White=0.16 (very precise) /Black=0.12 (very precise)} 1/2-1/2

[Event "93rd German Championship 2022"]
[Site "Magdeburg"]
[Date "2022.08.20"]
[Round "9.4"]
[White "Krastev, Alexander"]
[Black "Poetsch, Hagen"]
[Result "1/2-1/2"]
[ECO "B66"]
[WhiteElo "2435"]
[BlackElo "2500"]
[Annotator "TA"]
[PlyCount "81"]
[EventDate "2022.08.14"]
[EventType "swiss"]
[EventCountry "GER"]
[SourceTitle "playchess.com"]
[Source "ChessBase"]
[SourceQuality "1"]
[TimeControl "40/5400+30:1800+30"]

1. e4 c5 2. Nc3 d6 3. Nge2 Nc6 4. d4 cxd4 5. Nxd4 Nf6 6. Bg5 e6 7. Qd2 a6 8. Nxc6 {[%emt 0:00:16] B66: Sicilian: Richter-Rauzer: 7...a6 8 0-0-0 h6.} bxc6 9. O-O-O Qa5 10. Bc4 {[%emt 0:07:25] White is slightly better.} d5 11. Bb3 (11. Bxf6 $5 gxf6 12. Bb3 $11) 11... Bb4 (11... Be7 $14) 12. Bxf6 $16 ({Don't play} 12. exd5 $6 Nxd5 13. Qd4 (13. Bxd5 cxd5 14. a3 Bxc3 $15) 13... Bxc3 14. bxc3 O-O $11) 12... gxf6 13. exd5 cxd5 {[%emt 0:02:29] [#]} 14. Qd4 $146 {[%emt 0:09:20][%cal Rc3d5] Strongly threatening Nxd5!} ({Predecessor:} 14. Qe3 Bxc3 15. Rxd5 Bxb2+ 16. Kxb2 Qc7 17. Rhd1 Ke7 18. Ba4 Rb8+ 19. Kc1 Qb6 20. Rd7+ Bxd7 21. Rxd7+ Kf8 22. Qh6+ Kg8 23. Qxf6 {1-0 (23) Lorentzen,O (2458)-Thomsen,K (2366) ICCF email 2001}) 14... Bxc3 15. bxc3 Ke7 16. c4 {[%emt 0:12:39] White is more active.} ({White should try} 16. Rd3 $16) 16... Qa3+ $11 17. Kb1 dxc4 18. Qxc4 {[%emt 0:00:37] White wants to mate with Qc7+.} Ra7 {[%emt 0:03:05] Prevents Qc7+.} 19. Rd4 Rd7 ({Don't do} 19... Rb7 20. Rhd1 Bd7 21. Qd3 $16 (21. Ka1 Rc8 $14)) 20. Rxd7+ Bxd7 21. Rd1 Rc8 {[%emt 0:01:44] [#] Against Qc7} 22. Rxd7+ $1 Kxd7 {[%emt 0:00:06][%mdl 4096] Endgame KQR-KQB} 23. Ba4+ Ke7 24. Qxc8 {[%emt 0:00:13] Qe8+ would kill now.} Qxa4 {[%emt 0:00:06] KQ-KQ} 25. Qc5+ Ke8 26. Kb2 Qe4 27. g3 Qe2 {[%emt 0:00:58] [#]} (27... Qg2 $11) 28. Kb3 $1 $16 f5 29. Ka4 ({White should play} 29. a3 $16) 29... f4 $2 (29... Qd2 $1 $14) 30. gxf4 $18 Qe4+ 31. Ka5 Qxf4 32. c4 (32. h3 $16) 32... Qxh2 $11 {[%emt 0:01:28] The position is equal.} 33. Kxa6 h5 34. Kb7 {[%emt 0:01:31] Threatens to win with Qb5+.} h4 35. Qd4 {[%emt 0:00:34] aiming for c5.} e5 36. Qd6 {[%emt 0:00:30] And now c5 would win.} Qf4 37. c5 {[%emt 0:00:13] Black must now prevent c6.} h3 $1 (37... Qxf2 38. c6 Qb2+ 39. Kc8 $18) 38. Qb8+ Ke7 39. Qd6+ Ke8 40. Qb8+ Ke7 {[%emt 0:00:05] ( -> ...Qb4+)} 41. Qd6+ {[%emt 0:06:14] Weighted Error Value: White=0.11 (very precise) /Black=0.21 (precise)} 1/2-1/2

[Event "93rd German Championship 2022"]
[Site "Magdeburg"]
[Date "2022.08.20"]
[Round "9.5"]
[White "Richter, Nils"]
[Black "Carlstedt, Jonathan"]
[Result "1-0"]
[ECO "E48"]
[WhiteElo "2359"]
[BlackElo "2446"]
[Annotator "TA"]
[PlyCount "75"]
[EventDate "2022.08.14"]
[EventType "swiss"]
[EventCountry "GER"]
[SourceTitle "playchess.com"]
[Source "ChessBase"]
[SourceQuality "1"]
[TimeControl "40/5400+30:1800+30"]

1. d4 Nf6 2. c4 e6 3. Nc3 Bb4 4. e3 O-O 5. Bd3 d5 6. cxd5 exd5 7. a3 {[%emt 0:00:14] E48: Nimzo-Indian: Rubinstein: 5 Bd3 d5 including 6 Ne2, but excluding 6 a3.} Bd6 8. Qc2 b6 9. b4 {[%emt 0:02:40] [#] The position is equal.} Re8 $146 ({Predecessor:} 9... Bb7 10. Nge2 Nbd7 11. Nb5 a6 12. Nxd6 cxd6 13. a4 Rc8 14. Qb3 Re8 15. O-O Nf8 {½-½ (67) Grischuk,A (2758)-Hakobyan,A (2601) Chess.com INT 2022}) 10. Nge2 c6 11. O-O a5 12. bxa5 (12. b5 {should be considered.}) 12... Rxa5 $11 13. Ng3 Ba6 14. a4 Bxd3 15. Qxd3 Nbd7 16. Bd2 g6 17. f3 Ra7 18. Rae1 Re6 (18... Bxg3 $15 {is superior.} 19. hxg3 Nh5) 19. Nge2 Bf8 20. Nf4 Re8 21. e4 dxe4 22. fxe4 {[%emt 0:00:15] Strongly threatening e5.} Bh6 (22... Nc5 $11 23. dxc5 Rd7) 23. Qh3 {[%emt 0:05:27] White is more active.} ({White should play} 23. Qc4 $16) 23... Bxf4 (23... Nf8 $1 $11) 24. Bxf4 $16 {[%emt 0:00:35][%cal Bd2f4,Bf4h6,Bh6f8][%mdl 32] Black must now prevent Bg5.} Nf8 {[%emt 0:00:21] [#]} (24... Qe7 $16 {might work better.}) 25. d5 $1 $18 {[%emt 0:01:36] Threatens to win with Bg5.} ({Much less strong is} 25. Be5 $6 Rxe5 26. dxe5 Qd4+ 27. Qe3 Qxe3+ 28. Rxe3 Ng4 $14) 25... Nh5 (25... Qe7 $142) 26. Bh6 ({Resist} 26. dxc6 $6 Nxf4 27. Rxf4 Qd4+ 28. Rf2 Qc5 $18) 26... cxd5 27. Nxd5 ({Weaker is} 27. exd5 Rxe1 28. Rxe1 Re7 29. Rxe7 Qxe7 $14) 27... Qd7 $2 (27... Re5 {is tougher.} 28. Qc3 Nd7) 28. Qf3 Re6 29. g4 Ng7 30. Qc3 {[%emt 0:00:38][%csl Gh6][%cal Rc3g7] [#]} Ne8 31. Bxf8 Rc6 32. Ne7+ Qxe7 33. Qxc6 Kxf8 34. e5 Kg8 $2 (34... Qa3 35. Re4 Qc5+ 36. Qxc5+ bxc5) 35. e6 {[%emt 0:01:45] White is clearly winning.} f5 36. gxf5 Rc7 37. Qg2 Rc5 38. f6 {[%emt 0:02:42] Weighted Error Value: White=0.19 (very precise) /Black=0.44} 1-0